AoeStats
← Kevin Fuquen

Marketplace

504610463Analyzed
1v1 RM · 26d ago on Sep 5, 2026· 46m 58s· 2 players
Game mode
Random Map
Map size
Tiny (2 player)
Population
200
Speed
Normal
Resources
Standard
Victory
Conquest
Starting age
Dark Age
Ending age
Imperial Age
RankedLock teamsTeams togetherTeam positionsShared explorationLock speedFull tech treeHidden civsTurbo modeCheats
Victory
Defeat
🇮🇳 Teutons · India
771
+15
🇨🇴 Franks · Colombia
741
-36
Kevin Fuquen
0:46 Loom
13:15 Feudal Age
15:50 Forging
17:11 Wheelbarrow
16:22 Town Watch
17:57 Man-at-Arms
19:23 Scale Mail Armor
19:51 Padded Archer Armor
23:32 Scale Barding Armor
23:18 Fletching
23:43 Double-Bit Axe
31:05 Castle Age
31:32 Light Cavalry
31:37 Long Swordsman
31:42 Crossbowman
33:15 Murder Holes
38:00 Iron Casting
37:21 Gambesons
38:04 Ballistics
37:36 Guard Tower
38:28 Chain Mail Armor
38:30 Leather Archer Armor
44:00 Gold Mining
NBR
3:33 Loom
12:14 Feudal Age
13:05 Town Watch
13:13 Double-Bit Axe
21:11 Castle Age
21:02 Horse Collar
23:56 Bow Saw
25:42 Wheelbarrow
32:17 Imperial Age
29:15 Pikeman
30:34 Bloodlines
32:15 Hand Cart
34:07 Squires
35:44 Halberdier
35:48 Cavalier
37:17 Forging
36:59 Fletching
37:36 Ballistics
38:26 Ironclad
40:04 Crenellations
39:06 Elite Teutonic Knight
42:59 Heavy Plow
43:15 Scale Barding Armor
43:06 Bodkin Arrow
43:46 Iron Casting
43:12 Scale Mail Armor
43:13 Padded Archer Armor
43:06 Heavy Scorpion
43:34 Paladin
45:04 Chain Barding Armor
Connection lost

Rejoining the realm…

Still unreachable

The connection could not be restored.

Session expired

The server has moved on; the page needs a fresh start.